 Dungeon Crawl Stone Soup version 0.31-a0-344-gd109795599 (webtiles) character file.

Game seed: 1242557327896796707

55 AdnanSaban the Trooper (level 3, 0/24 HPs)
             Began as a Gargoyle Fighter on July 22, 2023.
             Slain by a black bear (1 damage)
             ... on level 3 of the Dungeon.
             The game lasted 00:02:36 (1408 turns).

AdnanSaban the Trooper (Gargoyle Fighter)           Turns: 1408, Time: 00:02:37

Health: 0/24       AC: 13    Str: 21    XL:     3   Next: 93%
Magic:  3/3        EV:  6    Int:  8    God:
Gold:   158        SH:  8    Dex:  9    Spells: 2/2 levels left

rFire   . . .        a - +0 flail
rCold   . . .        l - +0 kite shield
rNeg    + . .        j - +0 chain mail
rPois   ∞            (no helmet)
rElec   +            (no cloak)
rCorr   .            o - +0 pair of gloves
SInv    .            (no boots)
Will    .....        (no amulet) Stlth
                     (no ring)
HPRegen 0.24/turn    (no ring)
MPRegen 0.08/turn

%: no passive effects
@: no status effects
A: sickness immunity, AC +3, negative energy resistance 1, electricity
resistance, torment resistance 1, petrification resistance
a: no special abilities


You were on level 3 of the Dungeon.
You visited 1 branch of the dungeon, and saw 3 of its levels.

You collected 158 gold pieces.

Inventory:

Hand Weapons
 a - a +0 flail (weapon)
Armour
 j - a +0 chain mail (worn)
 l - a +0 kite shield (worn)
 o - a +0 pair of gloves (worn)
Scrolls
 e - 2 scrolls of enchant weapon {unknown}
 h - 3 scrolls of vulnerability {unknown}
 i - a scroll of teleportation {unknown}
 m - a scroll of noise {unknown}
 n - 3 scrolls of poison {unknown}
 p - a scroll of fog {unknown}
Potions
 b - a potion of magic {unknown}
 c - a potion of invisibility {unknown}
 d - a potion of might
 f - a potion of mutation {unknown}
 g - a potion of degeneration {unknown}
 k - 2 potions of heal wounds {unknown}
 q - a potion of curing {unknown}


   Skills:
 + Level 3.8 Fighting
 + Level 2.8 Maces & Flails
 + Level 3.8 Armour
 + Level 3.7 Shields


You had 2 spell levels left.
You didn't know any spells.
Your spell library contained the following spells:

 Spells                   Type           Power      Damage    Failure   Level
 Vhi's Electric Charge    Tloc/Air       0%         N/A       100%        3
 Arcjolt                  Conj/Air       0%         1d10      100%        5
 Plasma Beam              Fire/Air       0%         2x1d10    100%        6


Dungeon Overview and Level Annotations

Branches:
Dungeon (3/15)

Altars:


Innate Abilities, Weirdness & Mutations

You are immune to sickness and miasma.
Your stone body is resilient. (AC +3)
You are immune to poison.
You resist negative energy. (rN+)
You are resistant to electric shocks. (rElec)
You are resistant to unholy torment.
You are immune to petrification.


Message History

The black bear claws you but does no damage.
You hit the black bear.
The black bear is heavily wounded.
You block the black bear's attack. The black bear barely misses you.
You block the black bear's attack.
You hit the black bear but do no damage.
The black bear is heavily wounded.
The black bear bites you. The black bear barely misses you.
You block the black bear's attack.
You barely miss the black bear.
The black bear is heavily wounded.
The black bear bites you but does no damage.
The black bear claws you but does no damage.
The black bear barely misses you. The black bear bites you.
The black bear claws you but does no damage.
The black bear claws you.
You closely miss the black bear.
The black bear is heavily wounded.
The black bear bites you.
The black bear claws you but does no damage. x2
You are too injured to fight recklessly!
You are too injured to fight recklessly!
You are too injured to fight recklessly!
You are too injured to fight recklessly!
You are too injured to fight recklessly!
You are too injured to fight recklessly!
You are too injured to fight recklessly!
You are too injured to fight recklessly!
You are too injured to fight recklessly!
You are too injured to fight recklessly!
You are too injured to fight recklessly!
You are too injured to fight recklessly!
You are too injured to fight recklessly!
Unknown command.
You sock the black bear!
The black bear is almost dead.
The black bear goes berserk!
The black bear bites you!
* * * LOW HITPOINT WARNING * * *
You block the black bear's attack. The black bear claws you.
You die...

... ... ###.###.#
#........ #.#.#.#.######
#####
...#........#####....
#...#.....†....#....
###.#.#.#..###.###.#....
#.......................
.#.#.#@#..#.#..........
#h#..#.#.....#....
#.#..# #####.#....
#.#..# ....... #.#...
...##... #.##.##
######... ..# .# #...
... #... ####


You could see a black bear (berserk).

Vanquished Creatures
  An adder (D:3)
  2 worms (D:2)
  3 endoplasms
  2 giant cockroaches (D:1)
  7 goblins
  4 hobgoblins
  4 kobolds
  2 quokkas
  3 ball pythons (D:1)
  2 bats
  3 frilled lizards
  5 rats
38 creatures vanquished.

Notes
Turn   | Place    | Note
-------+----------+-------------------------------------------
     0 | D:1      | AdnanSaban the Gargoyle Fighter began the quest for the
                  | Orb.
     0 | D:1      | Reached XP level 1. HP: 14/14 MP: 1/1
    47 | D:1      | Reached XP level 2. HP: 19/19 MP: 2/2
   584 | D:1      | Reached XP level 3. HP: 20/24 MP: 3/3
   610 | D:1      | Found a faded altar of an unknown god.
  1400 | D:3      | Noticed a black bear
  1408 | D:3      | HP: 1/24 [black bear (10)]
  1408 | D:3      | Slain by a black bear

Illustrated notes

Levels and vault maps discovered:
D:1:      eino_arrival_water_star, layout_basic,
          shapermc_ecumenical_altar_hornbeckon
D:2:      layout_rooms, kennysheep_generic_room_7
D:3:      cheibrodos_old_hovel, layout_basic, mainiacjoe_overflow_divided_tiny,
          gammafunk_ghost_stat_death, minmay_tree_intersection

Action                     || total
---------------------------++-------
  Melee: Flail             ||   136
 Armour: Scale mail        ||    35
         Chain mail        ||    50
  Dodge: Dodged            ||    50
  Block: Buckler           ||    17
         Kite shield       ||    21

Table legend: (Time is in decaauts)
 A = Elapsed time spent in this place.
 B = Non-inter-level travel time spent in this place.
 C = Inter-level travel time spent in this place.
 D = Time resting spent in this place.
 E = Time spent auto-exploring this place.
 F = Levels seen in this place.
 G = Mean time per level.
                   A        B        C        D        E       F      G
               +--------+--------+--------+--------+--------+-----+--------+
         Total |   1459 |   1404 |     55 |      0 |   1085 |   3 |  486.3 |
       Dungeon |   1459 |   1404 |     55 |      0 |   1085 |   3 |  486.3 |
               +--------+--------+--------+--------+--------+-----+--------+

Top non-repeatable levels by time:
     D:1: 707 daAuts
     D:2: 669 daAuts
     D:3: 82 daAuts
